 Dungeon Crawl Stone Soup version 0.31-a0-115-g4708a659fe (webtiles) character file.

Game seed: 16105512987219536718

815 NateTC the Chiller (level 7, -4/40 HPs)
             Began as a Deep Elf Ice Elementalist on May 29, 2023.
             Slain by an ogre
             ... wielding a +0 giant spiked club
              (23 damage)
             ... on level 5 of the Dungeon.
             The game lasted 00:09:55 (4332 turns).

NateTC the Chiller (Deep Elf Ice Elementalist)      Turns: 4332, Time: 00:09:56

Health: -4/40      AC:  6    Str:  5    XL:     7   Next: 62%
Magic:  17/18      EV: 12    Int: 22    God:
Gold:   263        SH:  0    Dex: 15    Spells: 7/18 levels left

rFire   x . .        (no weapon)
rCold   + . .        (no shield)
rNeg    . . .        l - +0 troll leather armour
rPois   +            d - +0 helmet
rElec   .            g - +0 cloak
rCorr   .            (no gloves)
SInv    .            (no boots)
Will    .....        (no amulet)
Stlth   ++           c - ring of ice
HPRegen 1.06/turn    e - ring of poison resistance
MPRegen 0.16/turn

%: no passive effects
@: no status effects
A: no striking features
a: no special abilities


You were on level 5 of the Dungeon.
You visited 1 branch of the dungeon, and saw 5 of its levels.

You collected 263 gold pieces.

Inventory:

Armour
 d - a +0 helmet (worn)
 g - a +0 cloak (worn)
 l - a +0 troll leather armour (worn)
Jewellery
 c - a ring of ice (left hand)
 e - a ring of poison resistance (right hand)
Wands
 j - a wand of light (6)
Scrolls
 o - a scroll of amnesia
Potions
 a - 2 potions of enlightenment {unknown}
 b - a potion of magic
 f - a potion of mutation
 h - a potion of curing
 i - 2 potions of attraction
 k - a potion of cancellation {unknown}
 m - a potion of invisibility {unknown}
 n - a potion of haste


   Skills:
 - Level 2.1 Fighting
 * Level 3.3 Dodging
 - Level 2.4 Stealth
 - Level 6.0 Spellcasting
 + Level 4.9 Summonings
 + Level 6.8 Ice Magic


You had 7 spell levels left.
You knew the following spells:

 Your Spells              Type           Power      Damage    Failure   Level
a - Freeze                Ice            100%       1d10      1%          1
b - Frozen Ramparts       Ice            100%       1d16      2%          3
c - Ozocubu's Armour      Ice            53%        N/A       2%          3
d - Summon Ice Beast      Ice/Summ       48%        N/A       13%         4

Your spell library contained the following spells:

 Spells                   Type           Power      Damage    Failure   Level
 Summon Small Mammal      Summ           100%       N/A       1%          1
 Apportation              Tloc           12%        N/A       16%         1
 Necrotise                Necr           24%        1d5       16%         1
 Sting                    Tmut/Pois      24%        1d4       16%         1
 Poisonous Vapours        Pois/Air       12%        N/A       22%         2
 Olgreb's Toxic Radiance  Pois           6%         N/A       83%         4


Dungeon Overview and Level Annotations

Branches:
Dungeon (5/15) Zot: 25669
 Temple: D:4-7

Altars:
Elyvilon
Makhleb
Qazlal
Sif Muna
Xom
Yredelemnul
The Shining One

Shops:
D:2 [


Message History

a - 2 yellow potions (gained 1)
Found 6 stones.
You see here 6 stones.
A black bear comes into view.
The black bear growls angrily.
A black bear is nearby!
Casting: Freeze (safe; 1% risk of failure)
Confirm with . or Enter, or press ? or * to list all spells.
Casting: Frozen Ramparts (dangerous; 3% risk of failure)
Press: ? - help, Dir - look around, f - activate You feel a surge of power!
The walls around you are covered in ice.
The wall freezes the black bear!
You feel a surge of power!
You freeze the black bear!
The black bear is almost dead.
The wall freezes the black bear!
You kill the black bear!
Your Dodging skill increases to level 3!
The frozen ramparts melt away as you move.
You see here a black bear corpse.
You now have 263 gold pieces (gained 9).
You open the large door.
An ogre comes into view. It is wielding a +0 giant spiked club.
Found a yellow potion, 3 stones and 11 gold pieces.
Found four altars.
There is a large open door here.
Found a scroll labelled TAGUXZ SUDOOTZ.
You see here a yellow potion.
You feel a surge of power!
You freeze the ogre.
The ogre is lightly wounded.
The ogre hits you with a +0 giant spiked club!!
Ouch! That really hurt!
* * * LOW HITPOINT WARNING * * *
You are too injured to fight recklessly!
You feel better.
There is a large open door here.
The ogre attacks as you move away!
The ogre hits you with a +0 giant spiked club!!
Ouch! That really hurt!
You die...

......P♣♣.♣♣PP.#
####~~P..P...~~# ##_
#≈~..♣♣♣..~≈# ##...
#.#b....#.#.####.....
####.#.....#.#.##_.....#.
...........#.#.##....#..?
####.#.....#....#..#.....
#.#.....#....'........
#.#.....#....@O.......
####.#.....#....#..#..(..
<....#.....#.#.##....#...
...###..##.#.#.##_..$..#.
...# #.......#.####......
#### ...# #...#...#.#
##.... ##..#
...###...###.#.# ###_#
#.### ......)..# #.#.#
#.### #.####
#.####...###.#.# #.#
#.....


You could see an ogre.

Vanquished Creatures
  A water moccasin (D:5)
  A black bear (D:5)
  A scorpion (D:5)
  A jelly (D:4)
  6 hounds
  Jessica (D:2)
  2 iguanas (D:4)
  Natasha (D:4)
  An orc wizard (D:5)
  4 gnolls
  9 adders
  4 worms
  A dart slug (D:4)
  9 orcs
  7 endoplasms
  4 giant cockroaches
  11 goblins
  2 hobgoblins (D:1)
  4 jackals (D:1)
  A quokka (D:2)
  6 ball pythons
  6 bats
  3 frilled lizards
  9 kobolds
  6 rats
  A spectral orc (D:3)
102 creatures vanquished.

Vanquished Creatures (collateral kills)
  A gnoll (D:3)
1 creature vanquished.

Grand Total: 103 creatures vanquished

Notes
Turn   | Place    | Note
-------+----------+-------------------------------------------
     0 | D:1      | NateTC the Deep Elf Ice Elementalist began the quest for
                  | the Orb.
     0 | D:1      | Reached XP level 1. HP: 10/10 MP: 6/6
   187 | D:1      | Reached skill level 1 in Summonings
   187 | D:1      | Reached XP level 2. HP: 15/15 MP: 5/8
   583 | D:1      | Reached XP level 3. HP: 15/19 MP: 7/10
   623 | D:1      | Learned a level 3 spell: Frozen Ramparts
   746 | D:2      | Found Seac's Armour Shop.
   921 | D:2      | Reached skill level 5 in Ice Magic
   924 | D:2      | Reached XP level 4. HP: 24/24 MP: 8/12
   924 | D:2      | Noticed Jessica
   969 | D:2      | Killed Jessica
  1685 | D:3      | Learned a level 4 spell: Summon Ice Beast
  1865 | D:3      | Found a basalt altar of Yredelemnul.
  1905 | D:4      | Reached XP level 5. HP: 28/28 MP: 8/14
  1961 | D:4      | Reached skill level 5 in Spellcasting
  2163 | D:4      | Reached XP level 6. HP: 32/32 MP: 14/16
  2258 | D:4      | Noticed Natasha
  2262 | D:4      | Killed Natasha
  2899 | D:3      | Learned a level 3 spell: Ozocubu's Armour
  3435 | D:5      | Entered Level 5 of the Dungeon
  3440 | D:5      | Found a glowing golden altar of the Shining One.
  3559 | D:5      | Noticed a water moccasin
  3564 | D:5      | Reached skill level 1 in Fighting
  3567 | D:5      | Killed a water moccasin
  3568 | D:5      | Reached XP level 7. HP: 32/39 MP: 10/18
  4091 | D:5      | Found a white marble altar of Elyvilon.
  4326 | D:5      | Found a stormy altar of Qazlal.
  4326 | D:5      | Found a shimmering altar of Xom.
  4326 | D:5      | Found a burning altar of Makhleb.
  4326 | D:5      | Found a shimmering blue altar of Sif Muna.
  4332 | D:5      | Slain by an ogre

Illustrated notes

Levels and vault maps discovered:
D:1:      arrival_zaba_pyramid, layout_rooms
D:2:      layout_basic, serial_shops, shop, minmay_bisected, uniq_jessica
D:3:      layout_basic, yredelemnul_forgotten_temple_becter
D:4:      layout_basic, minmay_cupped, uniq_natasha
D:5:      layout_basic, nicolae_elyvilon_peaceful_grove, tso_metal_star,
          minmay_overflow_temple_hex

Skill      XL: |  1  2  3  4  5  6  7 |
---------------+----------------------+-----
Summonings     | 1 2 3 4 |  4.9
Spellcasting   | 4 5 6 |  6.0
Ice Magic      | 5 6 |  6.8
Fighting       | 1 2 |  2.1
Dodging        | 3 |  3.3
Stealth        | |  2.4

Action                     |  1- 3 |  4- 6 |  7- 9 || total
---------------------------+-------+-------+-------++-------
  Melee: Unarmed           |     1 |     3 |     1 ||     5
   Cast: Freeze            |    44 |    90 |    16 ||   150
         Frozen Ramparts   |       |     6 |     1 ||     7
         Summon Ice Beast  |       |     1 |       ||     1
    Use: Scroll            |     2 |     6 |       ||     8
         Potion            |       |       |     1 ||     1
 Armour: Robe              |    10 |    11 |       ||    21
         Troll leather arm |       |     1 |     3 ||     4
  Dodge: Dodged            |    21 |    37 |     7 ||    65

Table legend: (Time is in decaauts)
 A = Elapsed time spent in this place.
 B = Non-inter-level travel time spent in this place.
 C = Inter-level travel time spent in this place.
 D = Time resting spent in this place.
 E = Time spent auto-exploring this place.
 F = Levels seen in this place.
 G = Mean time per level.
                   A        B        C        D        E       F      G
               +--------+--------+--------+--------+--------+-----+--------+
         Total |   4330 |   4103 |    227 |    585 |   2321 |   5 |  866.0 |
       Dungeon |   4330 |   4103 |    227 |    585 |   2321 |   5 |  866.0 |
               +--------+--------+--------+--------+--------+-----+--------+

Top non-repeatable levels by time:
     D:2: 1004 daAuts
     D:3: 957 daAuts
     D:5: 896 daAuts
     D:4: 817 daAuts
     D:1: 654 daAuts
